 Dungeon Sprint DCSS version 0.32-a0-683-ge26c5dbc97 (webtiles) character file.

Game seed: 8436204384768979614

11078 Revguard the Warrior (level 11, -5/106 HPs)
             Began as a Demonspawn Monk on Mar 12, 2024.
             Was the Champion of Wu Jian.
             Slain by a frost giant
             ... wielding a +0 battleaxe of freezing
              (48 damage)
             ... in the Dungeon (Sprint V: "Ziggurat Sprint").
             The game lasted 00:13:36 (1106 turns).

Revguard the Warrior (Demonspawn Monk)              Turns: 1106, Time: 00:13:36

Health: -5/106     AC: 30    Str: 14    XL:     11   Next: 44%
Magic:  11/11      EV: 16    Int: 11    God:    Wu Jian [******]
Gold:   0          SH:  0    Dex: 20    Spells: 10/10 levels left

rFire   + . .        D - +9 quick blade (chaos)
rCold   + + .        (no shield)
rNeg    + . .        k - +5 gold dragon scales
rPois   +            (no helmet)
rElec   +            (no cloak)
rCorr   .            (gloves unavailable)
SInv    .            (no boots)
Will    +....        y - amulet "Fecut" {rC+ Will+ Regen+ Slay+2 Stlth+} Stlth
                     B - +6 ring of strength
HPRegen 1.17/turn    v - ring of Agnosticism {rElec rPois rN+ AC+4 Str-3}
MPRegen 0.12/turn

%: no teleportation
@: exhausted, in a heavenly storm, glowing
A: slimy green scales 2, demonic guardian 1, demonic touch 3
a: Renounce Religion, Wall Jump, Serpent's Lash, Heavenly Storm


You were in the Dungeon.
You worshipped Wu Jian.
Wu Jian was exalted by your worship.
You visited 1 branch

Inventory:

Hand Weapons
 D - a +9 quick blade of chaos (weapon)
Armour
 k - +5 gold dragon scales (worn)
Jewellery
 a - the ring of Haojy {rElec rF++ rC- Will+ Str-5}
   (You found it in the Dungeon)

   [ring of willpower]

   Str-5:     It affects your strength (-5).
   rF++:      It greatly protects you from fire.
   rC-:       It makes you vulnerable to cold.
   rElec:     It insulates you from electricity.
   Will+:     It increases your willpower.
 b - a ring of poison resistance
 j - a ring of ice
 v - the ring of Agnosticism (right hand) {rElec rPois rN+ AC+4 Str-3}
   (You found it in the Dungeon)

   [ring of protection]

   AC+4:      It affects your AC (+4).
   Str-3:     It affects your strength (-3).
   rElec:     It insulates you from electricity.
   rPois:     It protects you from poison.
   rN+:       It protects you from negative energy.
 w - an amulet of the acrobat
 x - a +6 ring of dexterity
 y - the amulet "Fecut" (around neck) {rC+ Will+ Regen+ Slay+2 Stlth+}
   (You found it in the Dungeon)

   [amulet of regeneration]

   Slay+2:    It affects your accuracy & damage with ranged weapons and melee
   (+2).
   rC+:       It protects you from cold.
   Will+:     It increases your willpower.
   Regen+:    It increases your rate of health regeneration.
   Stlth+:    It makes you more stealthy.
 B - a +6 ring of strength (left hand)
 C - a +6 ring of strength
 E - a ring of resist corrosion
 F - a +6 ring of strength
 G - a +6 ring of strength
Wands
 d - a wand of flame (13)
 o - a wand of roots (5)
 u - a wand of mindburst (9)
 A - a wand of digging (7)
Scrolls
 q - 4 scrolls of amnesia
 r - 7 scrolls of fog
 s - 5 scrolls of identify
 t - 2 scrolls of fear
Potions
 c - a potion of ambrosia
 e - 9 potions of curing
 f - 6 potions of heal wounds
 g - 10 potions of haste
 h - 7 potions of magic
 i - 3 potions of berserk rage
 l - 2 potions of brilliance
 m - 2 potions of invisibility
 n - 4 potions of resistance
 p - 5 potions of might


   Skills:
 * Level 16.8 Fighting
 + Level 11.6 Short Blades
 + Level 11.2 Armour
 + Level 11.3 Dodging
 + Level 11.8 Evocations


You had 10 spell levels left.
You didn't know any spells.
Your spell library contained the following spells:

 Spells                   Type           Power      Damage    Failure   Level
 Cigotuvi's Dreadful Rot  Necr/Alch/Air  0%         N/A       100%        2
 Ensorcelled Hibernation  Hex/Ice        0%         N/A       100%        2
 Scorch                   Fire           0%         2d5       100%        2
 Sublimation of Blood     Necr           0%         N/A       100%        2
 Dazzling Flash           Conj/Hex       0%         N/A       100%        3
 Fugue of the Fallen      Necr           0%         N/A       100%        3
 Inner Flame              Hex/Fire       0%         N/A       100%        3
 Mephitic Cloud           Conj/Alch/Air  0%         N/A       100%        3
 Sigil of Binding         Hex            0%         N/A       100%        3
 Summon Ice Beast         Ice/Summ       0%         N/A       100%        3
 Tukima's Dance           Hex            0%         N/A       100%        3
 Volatile Blastmotes      Fire/Tloc      0%         2d10      100%        3
 Anguish                  Hex/Necr       0%         N/A       100%        4
 Animate Dead             Necr           0%         N/A       100%        4
 Flame Wave               Conj/Fire      0%         2d4       100%        4
 Fulminant Prism          Conj/Alch      0%         3d5       100%        4
 Iskenderun's Mystic Bla  Conj/Tloc      0%         2d3       100%        4
 Manifold Assault         Tloc           0%         N/A       100%        4
 Olgreb's Toxic Radiance  Alch           0%         N/A       100%        4
 Passage of Golubria      Tloc           0%         N/A       100%        4
 Petrify                  Alch/Erth      0%         N/A       100%        4
 Sticky Flame             Fire/Alch      0%         2d4       100%        4
 Curse of Agony           Necr           0%         N/A       100%        5
 Irradiate                Conj/Alch      0%         3d11      100%        5
 Silence                  Hex/Air        0%         N/A       100%        5
 Summon Mana Viper        Hex/Summ       0%         N/A       100%        5
 Yara's Violent Unravell  Hex/Alch       0%         3d3       100%        5
 Conjure Ball Lightning   Conj/Air       0%         3x3d6     100%        6
 Death Channel            Necr           0%         N/A       100%        6
 Sculpt Simulacrum        Ice/Alch       0%         N/A       100%        6
 Summon Cactus Giant      Summ           0%         N/A       100%        6
 Haunt                    Necr/Summ      0%         N/A       100%        7
 Monstrous Menagerie      Summ           0%         N/A       100%        7
 Ozocubu's Refrigeration  Ice            0%         4d7       100%        7
 Discord                  Hex            0%         N/A       100%        8
 Disjunction              Tloc           0%         N/A       100%        8
 Infestation              Necr           0%         N/A       100%        8
 Chain Lightning          Conj/Air       0%         N/A       100%        9


Dungeon Overview and Level Annotations

Branches:
Dungeon (1/1)

Altars:
Ashenzari
Cheibriados
Dithmenos
Fedhas
Gozag
Hepliaklqana
Kikubaaqudgha
Makhleb
Nemelex Xobeh
Okawaru
Qazlal
Ru
Sif Muna
Trog
Uskayaw
Vehumet
Wu Jian
Xom
Yredelemnul
Beogh
Jiyva
Lugonu

Annotations:
D 1 transporter


Innate Abilities, Weirdness & Mutations

You are mostly covered in slimy green scales. (AC +3)
A weak demonic guardian rushes to your aid.
Your touch may irresistibly damage your foes and sap their willpower.


Message History

You puncture the frost giant! You hit the frost giant.
You burn the frost giant.
The frost giant is moderately wounded.
You hit the frost giant. x2; You burn the frost giant.
The frost giant is moderately wounded.
The titan waves its arms in wide circles.
The air twists around and strikes you!!
* * * LOW HITPOINT WARNING * * *
The frost giant gestures at you while chanting.
The bolt of cold misses you.
Your quasit bites the titan but does no damage.
Your quasit claws the titan but does no damage.
Your quasit claws the titan.
The titan gestures at you while chanting.
The bolt of lightning misses you. The frost giant misses you.
The frost giant hits your quasit with a +0 battleaxe of freezing.
Your quasit bites the titan.
Your quasit claws the titan but does no damage. x2
You feel much better.
Your quasit bites the titan.
Your quasit claws the titan but does no damage. x2
The frost giant casts a spell at you. The bolt of cold misses you.
Your quasit bites the frost giant but does no damage.
Your quasit claws the frost giant but does no damage. x2
You spin and attack the frost giant repeatedly.
You puncture the frost giant! You freeze the frost giant.
You puncture the frost giant!
The frost giant seems to grow stronger.
The frost giant is heavily wounded.
You puncture the frost giant! You burn the frost giant.
You touch the frost giant!
You sap its willpower!
You hit the frost giant but do no damage.
The frost giant is severely wounded.
You spin and attack the titan.
You puncture the titan!
You touch the titan!
You sap its willpower!
You impale the titan!!
The titan's magic leaks into the air.
The titan is severely wounded.
The titan points at you and mumbles some strange words.
The bolt of lightning hits you! You resist.
The frost giant hits you with a +0 battleaxe of freezing!!!
You die...

▓....©....▓...©...▓
▓▓▓▓▓▓▓▓▓▓▓▓▓▓▓▓▓▓▓▓▓
▓...ß©ß...▓...ß©ß...▓
▓..//!|)..▓......|..▓
▓..)):))..▓...).....▓
▓.........▓.........▓
▓....☼§§§☼▓.........▓
▓....§§☼°5▓.........▓
▓....§○@C§▓.........▓
▓....☼§☼C☼▓.........▓
▓.▓..☼§§▓☼▓....©....▓
▓....°°§☼☼▓▓▓▓▓▓▓▓▓▓▓
▓▓▓▓▓▓▓▓▓▓▓


You could see a titan (weak-willed, ally target, magic disrupted), a frost giant
(strong, weak-willed) and a friendly quasit (summoned).

Vanquished Creatures
  A pandemonium lord (D)
  An azure jelly (D)
  A mummy priest (D)
  4 dancing weapons (D)
  A deep elf knight (D)
  A deep elf pyromancer (D)
  A deep elf zephyrmancer (D)
  An apocalypse crab (D)
  A smoke demon (D)
  A rust devil (D)
  An orange demon (D)
  A hellion (D)
  3 freezing wraiths (D)
  A polar bear (D)
  A glass eye (D)
  Sigmund (D)
  2 slime creatures (D)
  2 fire elementals (D)
  2 golden eyes (D)
  A hell hound (D)
  Duvessa (D)
  2 orc warriors (D)
  Blork the orc (D)
  Dowan (D)
  A crimson imp (D)
  6 quasits (D)
  Crazy Yiuf (D)
  3 orc priests (D)
  Jessica (D)
  2 orc wizards (D)
  2 mummies (D)
  2 white imps (D)
  An ufetubus (D)
  An adder zombie (D)
  4 orcs (D)
  An endoplasm (D)
  A bat simulacrum (D)
  A giant cockroach simulacrum (D)
  A jackal simulacrum (D)
61 creatures vanquished.

Vanquished Creatures (others)
  A jackal simulacrum (D)
  A fire vortex (D)
2 creatures vanquished.

Grand Total: 63 creatures vanquished

Notes
Turn   | Place    | Note
-------+----------+-------------------------------------------
     0 | D        | Revguard the Demonspawn Monk began the quest for the Orb.
     0 | D        | Reached XP level 1. HP: 18/18 MP: 1/1
    14 | D        | Found a shimmering blue altar of Sif Muna.
    14 | D        | Found a bloodstained altar of Trog.
    14 | D        | Found a sacrificial altar of Ru.
    14 | D        | Found a stormy altar of Qazlal.
    14 | D        | Found an iron altar of Okawaru.
    15 | D        | Found a sparkling altar of Nemelex Xobeh.
    15 | D        | Found a blossoming altar of Fedhas.
    15 | D        | Found the +6 Majin-Bo {spellvamp, MP+6 Int+6}
    15 | D        | Found the +27 heavy crossbow "Sniper" {heavy, Acc+∞ SInv}
    15 | D        | Found the +10 dark maul {heavy}
    15 | D        | Found the +15 Maxwell's patent armour {-Cast -Tele rElec
                  | Will+ rCorr}
    15 | D        | Found the +18 shield of the Gong {Loud rN+ Will+ rCorr
                  | EV-5}
    15 | D        | Found the +16 obsidian axe {drain, demonic, Mesm ^Drain Fly
                  | SInv}
    15 | D        | Found the +7 great mace "Firestarter" {flame, immolate,
                  | rFlCloud rF++}
    15 | D        | Found the +6 shillelagh "Devastator" {shatter}
    15 | D        | Found the +11 plutonium sword {^Contam Stlth-}
    15 | D        | Found the +8 lance "Wyrmbane" {slay drac, rPois rF+ rC+
                  | AC+3}
    15 | D        | Found the +9 sword of Zonguldrok {reap}
    15 | D        | Found the +13 scythe of Curses {drain, curses, ^Drain}
    15 | D        | Found the +9 sword of Power {lifebolt}
    15 | D        | Found the +7 mace of Variability {chaos, chaos arc}
    15 | D        | Found the +11 Singing Sword {sonic wave}
    15 | D        | Found the +8 storm bow {elec, penet}
    17 | D        | Found a transporter.
    17 | D        | Found an ancient bone altar of Kikubaaqudgha.
    17 | D        | Found a viscous altar of Jiyva.
    17 | D        | Found a corrupted altar of Lugonu.
    17 | D        | Found a hazy altar of Hepliaklqana.
    17 | D        | Found a burning altar of Makhleb.
    17 | D        | Found an opulent altar of Gozag.
    57 | D        | Became a worshipper of the Wu Jian Council
    57 | D        | Reached * piety under Wu Jian
    57 | D        | Reached ** piety under Wu Jian
    61 | D        | Reached skill level 4 in Fighting
    61 | D        | Gained mutation: You are partially covered in slimy green
                  | scales. (AC +2) [demonic ancestry]
    61 | D        | Reached XP level 2. HP: 26/26 MP: 2/2
    73 | D        | Entered arena 2.
    73 | D        | Noticed a polar bear
    73 | D        | Found a transporter.
    85 | D        | Killed a polar bear
    86 | D        | Reached skill level 7 in Fighting
    86 | D        | Reached skill level 5 in Short Blades
    86 | D        | Reached skill level 5 in Dodging
    86 | D        | Reached skill level 5 in Evocations
    86 | D        | Reached XP level 3. HP: 13/36 MP: 3/3
    86 | D        | Gained mutation: Your touch may inflict minor irresistible
                  | damage on your foes. [demonic ancestry]
    86 | D        | Reached XP level 4. HP: 16/43 MP: 4/4
    86 | D        | Gained mutation: You are mostly covered in slimy green
                  | scales. (AC +3) [demonic ancestry]
    86 | D        | Reached XP level 5. HP: 18/48 MP: 5/5
   194 | D        | Entered arena 3.
   194 | D        | Noticed a fire elemental
   194 | D        | Noticed a hell hound
   194 | D        | Found a transporter.
   199 | D        | Killed a hell hound
   200 | D        | Reached skill level 8 in Fighting
   200 | D        | Reached skill level 5 in Armour
   200 | D        | Reached XP level 6. HP: 20/56 MP: 6/6
   200 | D        | Killed a fire elemental
   200 | D        | Reached *** piety under Wu Jian
   327 | D        | Entered arena 4.
   327 | D        | Found a transporter.
   333 | D        | Reached skill level 9 in Fighting
   333 | D        | Reached **** piety under Wu Jian
   334 | D        | Gained mutation: Your touch may inflict irresistible damage
                  | on your foes. [demonic ancestry]
   334 | D        | Reached XP level 7. HP: 47/64 MP: 7/7
   339 | D        | Entered arena 5.
   339 | D        | Noticed a mummy priest
   339 | D        | Found a transporter.
   341 | D        | Noticed a freezing wraith
   341 | D        | Noticed a shadow
   346 | D        | Noticed a shadow
   348 | D        | Noticed a flayed ghost
   353 | D        | Noticed a vampire
   353 | D        | Noticed a shadow
   354 | D        | Killed a mummy priest
   355 | D        | Reached skill level 10 in Fighting
   355 | D        | Reached XP level 8. HP: 66/74 MP: 8/8
   357 | D        | Got the ring of Oti Suin {rC+ rCorr Int+6 Slay-3}
   384 | D        | Entered arena 6.
   384 | D        | Found the +8 longbow "Zephyr" {speed, Dex+3 SInv}
   384 | D        | Noticed an apocalypse crab
   384 | D        | Noticed a rust devil
   384 | D        | Found a transporter.
   388 | D        | Reached ***** piety under Wu Jian
   389 | D        | Reached skill level 11 in Fighting
   389 | D        | Killed an apocalypse crab
   392 | D        | Killed a rust devil
   537 | D        | Entered arena 7.
   537 | D        | Noticed a slime creature
   537 | D        | Noticed a slime creature
   537 | D        | Noticed a glass eye
   538 | D        | Found a transporter.
   543 | D        | Killed a slime creature
   543 | D        | Reached skill level 12 in Fighting
   543 | D        | Gained mutation: A weak demonic guardian rushes to your
                  | aid. [demonic ancestry]
   543 | D        | Reached XP level 9. HP: 82/82 MP: 9/9
   711 | D        | Entered arena 8.
   711 | D        | Noticed Sigmund
   711 | D        | Noticed Jessica
   711 | D        | Noticed Blork the orc
   711 | D        | Noticed Crazy Yiuf
   711 | D        | Noticed Dowan
   711 | D        | Noticed Duvessa
   712 | D        | Found a transporter.
   716 | D        | Killed Duvessa
   717 | D        | Killed Blork the orc
   717 | D        | Reached ****** piety under Wu Jian
   718 | D        | Reached skill level 13 in Fighting
   718 | D        | Killed Jessica
   718 | D        | Killed Crazy Yiuf
   720 | D        | Killed Sigmund
   721 | D        | Killed Dowan
   738 | D        | Got the Compilation of Lethal Locality
   750 | D        | Entered arena 9.
   751 | D        | Found a transporter.
   772 | D        | Got the ring of Haojy {rElec rF++ rC- Will+ Str-5}
   786 | D        | Entered arena 10.
   786 | D        | Noticed a deep elf pyromancer
   786 | D        | Noticed a +4 heavy battleaxe
   786 | D        | Noticed a deep elf knight
   786 | D        | Noticed a +1 heavy flail
   786 | D        | Noticed a deep elf zephyrmancer
   786 | D        | Noticed a +2 flail of protection
   786 | D        | Noticed a +1 scimitar of holy wrath
   789 | D        | Found a transporter.
   789 | D        | Killed a +1 heavy flail
   789 | D        | Killed a +2 flail of protection
   789 | D        | Killed a +1 scimitar of holy wrath
   790 | D        | Reached skill level 14 in Fighting
   790 | D        | Reached skill level 10 in Short Blades
   790 | D        | Reached skill level 10 in Evocations
   790 | D        | Reached XP level 10. HP: 93/95 MP: 10/10
   790 | D        | Killed a deep elf knight
   790 | D        | Killed a deep elf pyromancer
   791 | D        | Reached skill level 15 in Fighting
   791 | D        | Reached skill level 10 in Dodging
   791 | D        | Killed a deep elf zephyrmancer
   792 | D        | Reached skill level 10 in Armour
   794 | D        | Killed a +4 heavy battleaxe
   815 | D        | Got the ring of Agnosticism {rElec rPois rN+ AC+4 Str-3}
   904 | D        | Entered arena 11.
   904 | D        | Noticed a smoke demon
   904 | D        | Noticed an orange demon
   904 | D        | Noticed Jouhur the pandemonium lord
   905 | D        | Found a transporter.
   909 | D        | Killed a smoke demon
   910 | D        | Noticed a sun demon
   910 | D        | Killed an orange demon
   911 | D        | Gained mutation: Your touch may irresistibly damage your
                  | foes and sap their willpower. [demonic ancestry]
   911 | D        | Reached XP level 11. HP: 85/104 MP: 11/11
   915 | D        | Noticed a soul eater
   916 | D        | Killed Jouhur the pandemonium lord
   917 | D        | Reached skill level 16 in Fighting
   922 | D        | Got the amulet "Fecut" {rC+ Will+ Regen+ Slay+2 Stlth+}
   929 | D        | Got the Verses on Sanguinary Astrapomancy
  1094 | D        | Entered arena 12.
  1094 | D        | Noticed an azure jelly
  1094 | D        | Noticed a titan
  1095 | D        | Noticed a frost giant
  1098 | D        | Found a transporter.
  1100 | D        | Killed an azure jelly
  1106 | D        | Slain by a frost giant

Illustrated notes

Levels and vault maps discovered:
D:        sprint_v [room_start, room_1, room_2, room_3, room_4, room_5, room_6,
          room_7, room_8, room_9, room_10, room_11, room_12, room_13, room_14,
          room_15, room_16, room_17, room_18, room_19, room_20, room_21,
          room_22, room_23, room_24, room_25, room_26, room_27]

Skill      XL: |  1  2  3  4  5  6  7  8  9 10 11 |
---------------+----------------------------------+-----
Fighting       | 4 7 8 9 10 12 14 15 16 | 16.8
Short Blades   | 4 5 6 7 8 10 11 | 11.6
Armour         | 2 4 5 7 9 10 11 | 11.2
Dodging        | 4 5 6 7 8 9 10 11 | 11.3
Evocations     | 3 5 6 7 8 10 11 | 11.8

Action                     |  1- 3 |  4- 6 |  7- 9 | 10-12 || total
---------------------------+-------+-------+-------+-------++-------
  Melee: Quick blade       |    10 |    35 |   164 |   101 ||   310
         Touch             |       |     6 |    27 |    19 ||    52
 Invoke: Serpent's Lash    |       |       |     4 |     2 ||     6
         Heavenly Storm    |       |       |     1 |     2 ||     3
Ability: Whirlwind         |     2 |     7 |    34 |    31 ||    74
         Lunge             |     1 |     1 |     6 |     3 ||    11
         Wall Jump         |       |     3 |     7 |     3 ||    13
  Evoke: Wand              |     5 |       |     5 |     1 ||    11
    Use: Potion            |     1 |       |     3 |     2 ||     6
         Scroll            |     3 |       |     6 |     1 ||    10
   Stab: Confused          |       |       |     1 |       ||     1
 Armour: Gold dragon scale |    12 |    19 |    74 |    31 ||   136
  Dodge: Dodged            |       |     4 |    11 |    17 ||    32

Table legend: (Time is in decaauts)
 A = Elapsed time spent in this place.
 B = Non-inter-level travel time spent in this place.
 C = Inter-level travel time spent in this place.
 D = Time resting spent in this place.
 E = Time spent auto-exploring this place.
 F = Levels seen in this place.
 G = Mean time per level.
                   A        B        C        D        E       F      G
               +--------+--------+--------+--------+--------+-----+--------+
         Total |   1108 |   1108 |      0 |    702 |      0 |   1 | 1108.0 |
       Dungeon |   1108 |   1108 |      0 |    702 |      0 |   1 | 1108.0 |
               +--------+--------+--------+--------+--------+-----+--------+

Top non-repeatable levels by time:
       D: 1108 daAuts
